 Dungeon Crawl Stone Soup version 0.20-a0-871-g785f14b (webtiles) character file.

364 Colliwobble the Cleaver (level 6, -2/51 HPs)
             Began as a Minotaur Fighter on Mar 14, 2017.
             Was an Initiate of Okawaru.
             Slain by a phantom (5 damage)
             ... on level 4 of the Dungeon.
             The game lasted 00:04:09 (2416 turns).

Colliwobble the Cleaver (Minotaur Fighter)          Turns: 2416, Time: 00:04:10

Health: -2/51      AC:  7    Str: 20    XL:     6   Next: 39%
Magic:  5/5        EV:  7    Int:  5    God:    Okawaru [......]
Gold:   234        SH:  9    Dex: 12    Spells: 5/5 levels left

rFire    . . .     SeeInvis .   a - +0 war axe
rCold    . . .     Gourm    .   b - +0 scale mail
rNeg     . . .     Faith    .   c - +0 shield
rPois    .         Spirit   .   (helmet restricted)
rElec    .         Reflect  .   v - -1 cloak (curse)
rCorr    .         Harm     .   (no gloves)
MR       +....                  (no boots)
Stlth    ..........             t - amulet of rage
Regen    0.2/turn               n - ring of protection from magic
MPRegen  0.1/turn               (no ring)

@: no status effects
A: retaliatory headbutt, horns 2
a: Renounce Religion, Evoke Berserk Rage


You were on level 4 of the Dungeon.
You worshipped Okawaru.
Okawaru was noncommittal.
You were not hungry.

You visited 1 branch of the dungeon, and saw 4 of its levels.

You collected 234 gold pieces.

Inventory:

Hand Weapons
 a - a +0 war axe (weapon)
Armour
 b - a +0 scale mail (worn)
 c - a +0 shield (worn)
 v - a cursed -1 cloak (worn)
Jewellery
 g - an uncursed ring of flight
 n - a ring of protection from magic (right hand)
 t - an amulet of rage (around neck)
Scrolls
 e - 3 scrolls of enchant weapon {unknown}
 h - a scroll of random uselessness {unknown}
 j - a scroll of immolation {unknown}
 k - 4 scrolls of remove curse {unknown}
 l - 2 scrolls of fear {unknown}
 o - 3 scrolls of identify {unknown}
 p - 3 scrolls of teleportation {unknown}
 q - 3 scrolls of amnesia {unknown}
 u - a scroll of recharging {unknown}
 y - a scroll of enchant armour {unknown}
 B - a scroll of fog {unknown}
Potions
 d - a potion of might
 i - a potion of flight {unknown}
 m - a potion of brilliance {unknown}
 r - 2 potions of curing {unknown}
 w - a potion of invisibility {unknown}
 A - a potion of resistance {unknown}
 D - a potion of magic {unknown}
Books
 s - a book of Changes

   Spells                             Type                      Level
   a - Beastly Appendage              Transmutation                1
   b - Sticks to Snakes               Transmutation                2
   c - Spider Form                    Transmutation/Poison         3
   d - Ice Form                       Ice/Transmutation            4
   e - Blade Hands                    Transmutation                5
Comestibles
 f - 3 bread rations
 x - 2 chunks of flesh
 z - a fruit
 C - 3 meat rations


   Skills:
 - Level 3.6 Fighting
 + Level 8.3 Axes
 - Level 3.6 Armour
 - Level 3.6 Shields


You had 5 spell levels left.
You didn't know any spells.

Dungeon Overview and Level Annotations

Branches:
Dungeon (4/15)
 Temple: D:4-7

Altars:
Elyvilon
Fedhas
Hepliaklqana
Okawaru
Sif Muna
Yredelemnul


Innate Abilities, Weirdness & Mutations

You reflexively headbutt those who attack you in melee.
You have a pair of horns on your head.


Message History

* * * LOW HITPOINT WARNING * * *
You miss the phantom.
You headbutt the phantom, but do no damage.
The phantom is moderately damaged.
You block the phantom's attack.
Your scale mail prevents you from hitting the phantom.
The phantom is moderately damaged.
The phantom hits you.
* * * LOW HITPOINT WARNING * * *
You closely miss the phantom.
The phantom is moderately damaged.
The phantom hits you.
* * * LOW HITPOINT WARNING * * *
You hit the phantom. Your headbutt misses the phantom.
The phantom is heavily damaged.
The phantom hits you but does no damage.
Your shield prevents you from hitting the phantom.
The phantom is heavily damaged.
You block the phantom's attack. The phantom hits you.
You die...

##### ###########
#######...######.........####
..#...'...'..................
#.#.###...######+#.....#.#
#.#.................##.#.#
#.#..##########..........####
#.#..# #...#.#.###.....
#<...# #.@.+.#.....##.#
###..##### #..W###..#..##
.........# #..[...)<#...#
##..####.########.#...##.#.#
#.>..<..................# #
#.##.###########.#.#..###
#.##.# ##.#....).# #.##.#
........#.###.### #.##..
...###.#.#........


You could see a phantom.

Vanquished Creatures
  A phantom (D:3)
  A hound (D:3)
  An orc priest (D:4)
  An iguana (D:4)
  An orc wizard (D:4)
  3 gnolls (D:3)
  5 adders
  2 oozes (D:1)
  A leopard gecko (D:1)
  4 orcs
  9 bats
  15 giant cockroaches
  5 goblins
  6 hobgoblins
  7 kobolds
  3 quokkas
  6 frilled lizards
  6 rats
77 creatures vanquished.

Notes
Turn   | Place    | Note
-------+----------+-------------------------------------------
     0 | D:1      | Colliwobble the Minotaur Fighter began the quest for the Orb.
     0 | D:1      | Reached XP level 1. HP: 19/19 MP: 0/0
    61 | D:1      | Reached skill level 3 in Axes
   158 | D:1      | Reached XP level 2. HP: 26/26 MP: 1/1
   211 | D:1      | Reached skill level 4 in Axes
   389 | D:1      | Reached XP level 3. HP: 31/31 MP: 2/2
   860 | D:2      | Found a deep blue altar of Sif Muna.
   869 | D:2      | Found a hazy altar of Hepliaklqana.
   869 | D:2      | Found a white marble altar of Elyvilon.
   871 | D:2      | Found a basalt altar of Yredelemnul.
   918 | D:2      | Reached skill level 5 in Axes
   947 | D:2      | Reached XP level 4. HP: 31/39 MP: 3/3
  1515 | D:3      | Noticed a phantom
  1533 | D:3      | Killed a phantom
  1533 | D:3      | Reached skill level 6 in Axes
  1533 | D:3      | Reached XP level 5. HP: 24/45 MP: 4/4
  1700 | D:3      | Found an iron altar of Okawaru.
  1706 | D:3      | Became a worshipper of Warmaster Okawaru
  1730 | D:3      | Found a blossoming altar of Fedhas.
  1793 | D:3      | Reached skill level 7 in Axes
  2262 | D:4      | Reached XP level 6. HP: 17/51 MP: 5/5
  2382 | D:4      | Reached skill level 8 in Axes
  2416 | D:4      | Slain by a phantom

Vault maps used:
D:1:      minmay_arrival_stone_box, glass_columns_a
D:2:      minmay_roachtagon, grunt_temple_overflow_open
D:3:      kennysheep_six_static_rooms, old_standard_altar,
          nicolae_overflow_crystal_walls, first_bread,
          roderic_chinese_pattern_swastika
D:4:      lemuel_doored_altar, serial_shops, shop, gup_sewer_entry_spiral

Skill      XL: |  1  2  3  4  5  6 |
---------------+-------------------+-----
Axes           | 3 4 5 6 7 8 |  8.3
Fighting       | |  3.6
Armour         | |  3.6
Shields        | |  3.6

Action                   |  1- 3 |  4- 6 || total
-------------------------+-------+-------++-------
Melee: War axe           |    70 |   117 ||   187
       Headbutt          |     6 |    26 ||    32
  Eat: Chunk             |       |     5 ||     5
Armor: Scale mail        |    38 |    38 ||    76
Dodge: Dodged            |    22 |    22 ||    44
Block: Shield            |    44 |    82 ||   126
